 Dungeon Crawl Stone Soup version 0.32-a0-485-g70f7560b1c (webtiles) character file.

Game seed: 16777405862323248421

96175 Rennog the Warrior (level 16, -1/129 HPs)
             Began as a Djinni Fire Elementalist on Feb 27, 2024.
             Was the Champion of Makhleb.
             Killed from afar by a manticore (16 damage)
             ... with a volley of spikes
             ... on level 4 of the Shoals.
             The game lasted 01:14:48 (26430 turns).

Rennog the Warrior (Djinni Fire Elementalist)      Turns: 26430, Time: 01:14:48

Health: -1/129     AC: 10    Str: 15    XL:     16   Next: 65%
Gold:   742        EV: 16    Int: 36    God:    Makhleb [******] SH:  0 Dex: 13

rFire   + + .        k - +7 sling "Dragon's Tongue" {elec, rC+ SInv}
rCold   . . .        (no shield)
rNeg    . . .        L - +0 steam dragon scales
rPois   ∞            R - +1 helmet
rElec   .            m - +0 cloak
rCorr   .            t - +1 pair of gloves of Circular Logic {Int+6}
SInv    +            (boots unavailable)
Will    +....        S - amulet of the acrobat
Stlth   +++          j - +6 ring of strength
HPRegen 0.41/turn    B - ring of Kazaitz Jaem {rPois Int+6 Stlth+}
MPRegen 0.00/turn

%: acrobat, infuse magic (-2 HP)
@: spiked, flying
A: sickness immunity, fire resistance 2, cold vulnerability 1, float, innate
caster, HP casting, extra vitality 1
a: Renounce Religion, Minor Destruction, Lesser Servant of Makhleb, Major
Destruction, Greater Servant of Makhleb


You were on level 4 of the Shoals.
You worshipped Makhleb.
Makhleb was exalted by your worship.
You visited 5 branches of the dungeon, and saw 23 of its levels.
You also visited: Ossuary and Bailey.

You collected 2317 gold pieces.
You spent 1575 gold pieces at shops.

Inventory:

Hand Weapons
 k - the +7 sling "Dragon's Tongue" (weapon) {elec, rC+ SInv}
   (You found it on level 5 of the Dungeon)

   rC+:       It protects you from cold.
   SInv:      It lets you see invisible.
 v - a +0 whip
 H - the +5 falchion of Woe {freeze, rElec rF- rN++ Str+2}
   (You found it on level 3 of the Shoals)

   Str+2:     It affects your strength (+2).
   rF-:       It makes you vulnerable to fire.
   rElec:     It insulates you from electricity.
   rN++:      It greatly protects you from negative energy.
Missiles
 W - a throwing net
Armour
 a - a +0 robe
 m - a +0 cloak (worn)
 t - the +1 pair of gloves of Circular Logic (worn) {Int+6}
   (You bought it in a shop on level 1 of the Shoals)

   Int+6:     It affects your intelligence (+6).
 w - a +2 tower shield of reflection
 J - a +0 pair of gloves
 L - +0 steam dragon scales (worn)
 R - a +1 helmet (worn)
 V - +0 gold dragon scales
Jewellery
 j - a +6 ring of strength (left hand)
 B - the ring of Kazaitz Jaem (right hand) {rPois Int+6 Stlth+}
   (You acquired it on level 8 of the Dungeon)

   [ring of intelligence]

   Int+6:     It affects your intelligence (+6).
   rPois:     It protects you from poison Stlth+: It makes you more stealthy.
 K - a ring of protection from cold
 O - a ring of wizardry
 S - an amulet of the acrobat (around neck)
Wands
 s - a wand of roots (12)
 u - a wand of flame (47)
 y - a wand of charming (25)
 z - a wand of mindburst (37)
 T - a wand of polymorph (8)
 Y - a wand of quicksilver (5)
Scrolls
 c - 6 scrolls of identify
 f - 8 scrolls of revelation
 g - 2 scrolls of noise
 n - 8 scrolls of teleportation
 q - 5 scrolls of immolation
 A - 2 scrolls of enchant weapon
 F - a scroll of summoning
 I - 2 scrolls of enchant armour
 M - 2 scrolls of poison
 N - 2 scrolls of fog
 P - a scroll of fear
Potions
 b - 2 potions of resistance
 e - 2 potions of heal wounds
 h - 2 potions of ambrosia
 l - 5 potions of enlightenment
 o - 7 potions of haste
 p - 5 potions of mutation
 x - 6 potions of curing
 C - 3 potions of lignification
 D - 4 potions of might
 E - 2 potions of cancellation
 G - 4 potions of brilliance
 Q - a potion of invisibility
 X - a potion of berserk rage
Miscellaneous
 d - a condenser vane (inert)
 r - a phantom mirror (inert)
 Z - a phial of floods


   Skills:
 - Level 16.3 Fighting
 - Level 9.2 Dodging
 - Level 1.5 Stealth
 * Level 15.9 Spellcasting
 * Level 15.9 Conjurations
 * Level 15.9 Hexes
   Level 0.0 Charms
 * Level 15.9 Summonings
 * Level 15.9 Necromancy
 * Level 15.9 Translocations
   Level 0.0 Transmutations
 * Level 15.9 Fire Magic
 * Level 15.9 Ice Magic
 * Level 15.9 Air Magic
 * Level 15.9 Earth Magic
 * Level 15.9 Alchemy
 - Level 5.5 Invocations
 * Level 7.5 Evocations


You knew the following spells:

 Your Spells              Type           Power      Damage    Failure   Level
a - Foxfire               Conj/Fire      100%       2x1d9     0%          1
b - Scorch                Fire           100%       2d9       0%          2
c - Volatile Blastmotes   Fire/Tloc      100%       2d18      0%          3
d - Inner Flame           Hex/Fire       97%        N/A       0%          3
e - Flame Wave            Conj/Fire      97%        2d20      1%          4
f - Magic Dart            Conj           100%       1d8       0%          1
g - Blink                 Tloc           100%       N/A       0%          2
h - Stone Arrow           Conj/Erth      100%       3d13      0%          3
i - Teleport Other        Tloc           97%        N/A       0%          3
j - Animate Armour        Summ/Erth      100%       N/A       1%          4
k - Lee's Rapid Deconstr  Erth           48%        3d23*     1%          5
l - Starburst             Conj/Fire      48%        6d13      1%          6
Your spell library was empty.

Dungeon Overview and Level Annotations

Branches:
Dungeon (12/15)            Temple (1/1) D:7            Lair (5/5) D:10
 Shoals (4/4) Lair:2       Spider (1/4) Lair:2        Slime (0/5) Lair:4
    Orc (0/2) D:11        Ossuary (visited)          Bailey (visited)

Altars:
Ashenzari
Cheibriados
Dithmenos
Elyvilon
Fedhas
Gozag
Hepliaklqana
Makhleb
Nemelex Xobeh
Okawaru
Qazlal
Ru
Trog
Uskayaw
Wu Jian
Xom
Yredelemnul
Zin
The Shining One
Jiyva

Shops:
D:4 ***!   D:6 *   D:8 =   Shoals:1 *[   Shoals:3 !

Annotations:
Shoals:3 2 runed translucent doors, Meic's ghost, adept MiFi


Innate Abilities, Weirdness & Mutations

You are immune to sickness and miasma.
You are immune to poison.
Your flesh is very heat resistant. (rF++)
You are vulnerable to cold. (rC-)
You float through the air rather than walking.
You learn spells naturally, not from books.
Your magical power is your life essence.
You have superior vitality. (+4 MHP)


Message History

Fire: k) +7 sling "Dragon's Tongue" {elec, rC+ SInv}
Press: ? - help, Q - select action, (/) - cycle Shift-Dir - straight line, f/p - manticore
Aim: a manticore (heavily wounded, 79% to hit)
You shoot a sling bullet. The sea snake hisses angrily.
The sling bullet hits the manticore!
The manticore is severely wounded.
Clouds condense from the air!
The condenser dries out!
The sea snake is engulfed in poison gas.
The sea snake is poisoned.
The manticore is engulfed in noxious fumes.
Fire: k) +7 sling "Dragon's Tongue" {elec, rC+ SInv}
Press: ? - help, Q - select action, (/) - cycle Shift-Dir - straight line, f - manticore, p - manticore
Aim: a manticore (acidic fog, severely wounded, skewered by barbs, 79% to hit)
You shoot a sling bullet.
The sling bullet closely misses the manticore.
The sea snake closely misses you.
The manticore is engulfed in acidic fog.
You kill the manticore!
Makhleb accepts your kill. The sea snake closely misses you.
Unknown command.
Fire: k) +7 sling "Dragon's Tongue" {elec, rC+ SInv}
Press: ? - help, Q - select action, (/) - cycle Shift-Dir - straight line, f - manticore
Aim: a manticore (severely wounded, 79% to hit)
You shoot a sling bullet.
The sling bullet barely misses the manticore.
You carefully extract the barbed spikes from your body.
The manticore flicks its tail.
The volley of spikes skewers you!
The barbed spikes become lodged in your body.
* * * LOW HITPOINT WARNING * * *
The sea snake closely misses you.
A sea snake comes into view.
A manticore comes into view.
You feel better. The sea snake bites you!
* * * LOW HITPOINT WARNING * * *
The manticore flicks its tail.
The volley of spikes skewers you!
The barbed spikes become lodged in your body.
You die...

≈≈≈≈≈≈≈≈≈≈≈≈≈≈≈≈≈≈≈≈≈≈≈≈≈≈
≈≈≈≈≈≈≈≈≈≈≈≈≈≈≈≈≈≈≈≈≈≈≈≈≈≈
≈≈≈≈≈≈≈≈≈≈≈≈≈≈≈≈≈≈≈≈≈≈≈≈≈≈
≈≈≈≈≈≈≈≈≈≈≈≈≈≈≈≈H≈≈≈≈≈≈≈≈≈
≈≈≈≈≈≈≈§≈≈≈≈≈≈≈≈≈≈≈≈≈≈≈≈≈≈
≈≈≈≈≈§≈§≈≈≈≈≈≈≈≈≈≈≈≈≈≈≈≈≈≈
≈≈..~§§§≈≈≈≈≈≈≈≈≈≈≈≈≈≈≈≈≈≈
~#####~S~§~≈≈≈≈≈≈≈≈≈≈≈≈≈≈
###@§H§~.~≈≈≈≈≈≈≈≈≈≈
##§§§.~..~..≈≈≈≈≈≈
#§§~~~.~.~~~~~≈≈≈
##.~..~.~~~.~~≈P≈
+.....~.~~~.~≈≈≈
#.....P..~P.≈≈≈~
#...........~≈≈≈
##..........~≈≈≈
###.P...PP..PH~≈≈


You could see a sea snake (poisoned) and 2 manticores.

Vanquished Creatures
  Rupert (Lair:3)
  A kraken (Shoals:3)
  Kirke (Shoals:1)
  A broodmother (Spider:1)
  Snorg (Lair:3)
  A merfolk javelineer (Shoals:2)
  4 merfolk impalers
  4 hydras
  6 catoblepae
  A merfolk avatar (Shoals:1)
  A merfolk aquamancer (Shoals:3)
  A boulder beetle (Lair:4)
  A two-headed ogre (D:11)
  6 death yaks (Lair:5)
  4 skysharks
  9 sea snakes
  Pikel (D:4)
  20 harpies
  A deep elf pyromancer (D:12)
  A steelbarb worm (Spider:1)
  7 fauns (Shoals:1)
  An orc knight (Bailey)
  3 cyclopes (D:12)
  A wolf spider (Spider:1)
  2 ugly things (D:11)
  11 manticores
  Joseph (Temple)
  3 elephants (Lair:5)
  5 black mambas
  5 water nymphs
  6 merfolk sirens
  A gargoyle (D:11)
  4 rime drakes
  2 torpor snails
  Jeremiah (D:8)
  7 komodo dragons
  9 cane toads
  Psyche (D:10)
  4 trolls
  A polar bear (Lair:1)
  2 wind drakes (Shoals:3)
  21 merfolk
  A hornet (D:7)
  3 tarantellas (Spider:1)
  5 snapping turtles
  12 blink frogs
  14 dream sheep
  Sigmund (D:5)
  A jumping spider (Spider:1)
  5 culicivoras (Spider:1)
  3 water elementals (Shoals:3)
  7 wyverns
  6 slime creatures
  A shadow (D:10)
  42 yaks
  6 basilisks
  4 hogs (Shoals:1)
  5 redbacks
  4 steam dragons
  11 vampire mosquitoes
  Menkaure (D:6)
  Edmund (D:6)
  An acid dragon (D:9)
  13 water moccasins
  Duvessa (D:4)
  12 orc warriors
  3 sky beasts
  2 ice beasts
  3 black bears
  17 wolves
  2 ogres
  9 centaurs
  3 lemures (D:4)
  6 kobold brigands
  9 bullfrogs
  3 gnoll sergeants
  2 scorpions
  4 wights
  Dowan (D:4)
  6 killer bees (D:10)
  6 electric eels
  2 bombardier beetles
  A howler monkey (D:9)
  4 centaur zombies (Ossuary)
  6 hounds
  4 jellies
  A gnoll bouda (D:6)
  Crazy Yiuf (D:2)
  4 orc priests
  2 sleepcaps
  Natasha (thrice) (D:4)
  8 iguanas
  8 orc wizards
  Terence (D:2)
  2 ogre zombies (Ossuary)
  17 gnolls
  9 adders
  4 white imps
  An adder zombie (Ossuary)
  A ribbon worm (D:4)
  2 dart slugs
  36 orcs
  5 endoplasms
  2 giant cockroaches (D:2)
  5 gnoll zombies (Ossuary)
  6 goblins
  4 hobgoblins
  3 quokkas (D:4)
  5 ball pythons
  9 bats
  6 frilled lizards
  2 goblin zombies (Ossuary)
  54 kobolds
  3 orc zombies (Ossuary)
  3 rats (D:1)
  4 foxfires
  A tentacle (Shoals:3)
629 creatures vanquished.

Vanquished Creatures (collateral kills)
  2 komodo dragons (Lair:1)
  4 yaks
  An ice beast (D:8)
  4 wolves (Lair:1)
  An orc wizard (D:8)
  An orc (D:8)
  2 kobolds (D:9)
  26 foxfires
41 creatures vanquished.

Vanquished Creatures (others)
  A human (D:4)
  An orc (D:8)
  1724 foxfires
  3 tentacles (Shoals:3)
1729 creatures vanquished.

Grand Total: 2399 creatures vanquished

Notes
Turn   | Place    | Note
-------+----------+-------------------------------------------
     0 | D:1      | Rennog the Djinni Fire Elementalist began the quest for the
                  | Orb.
     0 | D:1      | Rennog set off with the following spells memorised:
                  | Foxfire, Scorch, Volatile Blastmotes, Inner Flame, Flame
                  | Wave.
     0 | D:1      | Reached XP level 1. HP: 15/15 MP: 0/0
   332 | D:1      | Reached XP level 2. HP: 19/21 MP: 0/0
   342 | D:1      | Found Diphicza's Vocational Training.
  1174 | D:2      | Reached XP level 3. HP: 21/25 MP: 0/0
  1174 | D:2      | Learned a level 1 spell: Magic Dart
  1181 | D:2      | Reached XP level 4. HP: 20/31 MP: 0/0
  1425 | D:2      | Found a runed translucent door.
  1426 | D:2      | Noticed Crazy Yiuf
  1537 | D:2      | Killed Crazy Yiuf
  1763 | D:2      | Reached XP level 5. HP: 30/35 MP: 0/0
  1763 | D:2      | Learned a level 2 spell: Blink
  1946 | D:2      | Noticed Terence
  1952 | D:2      | Killed Terence
  2127 | D:3      | Found a hide-covered altar of Uskayaw.
  2215 | D:3      | Reached skill level 5 in Spellcasting
  2215 | D:3      | Reached skill level 5 in Conjurations
  2215 | D:3      | Reached skill level 5 in Hexes
  2215 | D:3      | Reached skill level 5 in Summonings
  2215 | D:3      | Reached skill level 5 in Necromancy
  2215 | D:3      | Reached skill level 5 in Translocations
  2215 | D:3      | Reached skill level 5 in Fire Magic
  2215 | D:3      | Reached skill level 5 in Ice Magic
  2215 | D:3      | Reached skill level 5 in Air Magic
  2215 | D:3      | Reached skill level 5 in Earth Magic
  2215 | D:3      | Reached skill level 5 in Alchemy
  2579 | D:4      | Reached XP level 6. HP: 38/40 MP: 0/0
  2597 | D:4      | Noticed a human
  2599 | D:4      | Killed a human
  2610 | D:4      | Noticed Dowan
  2610 | D:4      | Noticed Duvessa
  2643 | D:4      | Found Onuh's Distillery.
  2736 | D:4      | Bought a potion of heal wounds for 60 gold pieces
  2869 | D:4      | Found Feganai's General Store.
  2880 | D:4      | Bought a potion of curing for 42 gold pieces
  2880 | D:4      | Bought a scroll of identify for 28 gold pieces
  2920 | D:4      | Noticed Pikel
  2946 | D:4      | Killed Pikel
  2947 | D:4      | Reached skill level 4 in Fighting
  2947 | D:4      | Reached XP level 7. HP: 34/52 MP: 0/0
  2947 | D:4      | Learned a level 3 spell: Stone Arrow
  3190 | D:4      | Found Simo's Assorted Antiques.
  3347 | D:4      | Noticed Natasha
  3351 | D:4      | Killed Natasha
  3352 | D:4      | Reached XP level 8. HP: 50/58 MP: 0/0
  3367 | D:5      | Entered Level 5 of the Dungeon
  3425 | D:5      | Found a glowing golden altar of the Shining One.
  3526 | D:5      | Identified the +7 sling "Dragon's Tongue" {elec, rC+ SInv}
  3566 | D:5      | Reached skill level 5 in Fighting
  3727 | D:4      | Found Bealogoa's General Store.
  3937 | D:5      | Reached skill level 6 in Fighting
  3937 | D:5      | Noticed Sigmund
  3944 | D:5      | Killed Sigmund
  4145 | D:6      | Reached XP level 9. HP: 45/67 MP: 0/0
  4145 | D:6      | Learned a level 3 spell: Teleport Other
  4152 | D:6      | Reached skill level 7 in Fighting
  4174 | D:6      | Noticed Edmund
  4277 | D:6      | Found an iron altar of Okawaru.
  4278 | D:6      | Found Conoytun's General Store.
  4329 | D:6      | Found a sand-covered staircase.
  4334 | Ossuary  | Entered an ossuary
  4593 | Ossuary  | Reached skill level 8 in Fighting
  4759 | Ossuary  | Noticed a silent spectre
  4907 | D:6      | Killed Edmund
  5118 | D:6      | Noticed Menkaure
  5124 | D:6      | Killed Menkaure
  5409 | D:4      | Noticed Natasha
  5412 | D:4      | Killed Natasha
  5422 | D:4      | Killed Dowan
  5423 | D:4      | Reached skill level 9 in Fighting
  5575 | D:4      | Noticed Natasha
  5579 | D:4      | Killed Natasha
  5716 | D:7      | Noticed Joseph
  5814 | D:7      | Reached XP level 10. HP: 63/78 MP: 0/0
  5840 | D:7      | Found a staircase to the Ecumenical Temple.
  5904 | D:7      | Found a flagged portal.
  5913 | Bailey   | Entered a bailey
  5940 | Bailey   | Noticed an orc knight
  6160 | Bailey   | Killed an orc knight
  6193 | Bailey   | Reached skill level 10 in Fighting
  6862 | Temple   | Entered the Ecumenical Temple
  7114 | Temple   | Became a worshipper of Makhleb the Destroyer
  7455 | Temple   | Killed Joseph
  7945 | D:7      | Reached skill level 5 in Dodging
  8304 | D:7      | Reached skill level 11 in Fighting
  8312 | D:7      | Reached XP level 11. HP: 45/87 MP: 0/0
  8312 | D:7      | Learned a level 4 spell: Animate Armour
  8653 | D:8      | Reached * piety under Makhleb
  8704 | D:8      | Noticed Jeremiah
  8720 | D:8      | Killed Jeremiah
  9164 | D:8      | Found a sparkling altar of Nemelex Xobeh.
  9458 | D:8      | Found Tasewys's One-of-a-Kind Rings.
  9536 | D:8      | Reached skill level 12 in Fighting
  9754 | D:8      | Identified a scroll of acquirement
  9759 | D:8      | Acquired the ring of Kazaitz Jaem {rPois Int+6 Stlth+}
  9785 | D:9      | Reached ** piety under Makhleb
 10689 | D:10     | Entered Level 10 of the Dungeon
 10774 | D:10     | Noticed Psyche
 10781 | D:10     | Killed Psyche
 11036 | D:10     | Found a staircase to the Lair.
 11165 | D:10     | Reached *** piety under Makhleb
 11285 | D:11     | Noticed a white ugly thing
 11293 | D:11     | Killed a white ugly thing
 11486 | D:11     | Noticed a brown ugly thing
 11495 | D:10     | Reached skill level 13 in Fighting
 11495 | D:10     | Reached XP level 12. HP: 65/98 MP: 0/0
 12016 | D:11     | Found a glowing silver altar of Zin.
 12050 | D:11     | Noticed a two-headed ogre
 12058 | D:11     | Killed a two-headed ogre
 12313 | D:11     | Found a staircase to the Orcish Mines.
 12391 | Lair:1   | Entered Level 1 of the Lair of Beasts
 12523 | Lair:1   | Reached **** piety under Makhleb
 12745 | Lair:1   | Reached skill level 14 in Fighting
 13626 | Lair:1   | Noticed an eight-headed hydra
 13744 | Lair:2   | Reached skill level 1 in Invocations
 13805 | Lair:2   | Found a staircase to the Shoals.
 13819 | Lair:2   | Found a hole to the Spider Nest.
 13853 | Lair:2   | Reached XP level 13. HP: 95/106 MP: 0/0
 13853 | Lair:2   | Learned a level 5 spell: Lee's Rapid Deconstruction
 14302 | Lair:2   | Reached skill level 15 in Fighting
 15428 | Lair:3   | Reached ***** piety under Makhleb
 15428 | Lair:3   | Noticed Snorg
 15915 | D:12     | Reached skill level 16 in Fighting
 16030 | D:12     | Reached skill level 5 in Invocations
 16786 | Lair:1   | Killed an eight-headed hydra
 17019 | Lair:1   | Noticed a catoblepas
 17033 | Lair:1   | Killed a catoblepas
 17326 | Lair:3   | Reached skill level 10 in Spellcasting
 17326 | Lair:3   | Reached skill level 10 in Conjurations
 17326 | Lair:3   | Reached skill level 10 in Hexes
 17326 | Lair:3   | Reached skill level 10 in Summonings
 17326 | Lair:3   | Reached skill level 10 in Necromancy
 17326 | Lair:3   | Reached skill level 10 in Translocations
 17326 | Lair:3   | Reached skill level 10 in Fire Magic
 17326 | Lair:3   | Reached skill level 10 in Ice Magic
 17326 | Lair:3   | Reached skill level 10 in Air Magic
 17326 | Lair:3   | Reached skill level 10 in Earth Magic
 17326 | Lair:3   | Reached skill level 10 in Alchemy
 17429 | Lair:3   | Killed Snorg
 17618 | Lair:3   | Noticed Rupert
 17630 | Lair:3   | Killed Rupert
 17631 | Lair:3   | Reached XP level 14. HP: 101/117 MP: 0/0
 18341 | Lair:4   | Found a viscous altar of Jiyva.
 18342 | Lair:4   | Found a staircase to the Slime Pits.
 18931 | Lair:5   | Entered Level 5 of the Lair of Beasts
 19796 | Lair:5   | Identified the +4 ring mail "Wysm" {Rampage +Blink}
 19888 | Lair:5   | Reached XP level 15. HP: 117/122 MP: 0/0
 19888 | Lair:5   | Learned a level 6 spell: Starburst
 19903 | Lair:5   | Reached ****** piety under Makhleb
 20546 | Spider:1 | Entered Level 1 of the Spider Nest
 20735 | Spider:1 | Noticed a broodmother
 20743 | Spider:1 | Killed a broodmother
 21264 | Shoals:1 | Entered Level 1 of the Shoals
 21339 | Shoals:1 | Noticed Kirke
 21412 | Shoals:1 | Killed Kirke
 21588 | Shoals:1 | Found Ulaxaty's Gadget Gallery.
 21637 | Shoals:1 | Bought a condenser vane for 600 gold pieces
 22076 | Shoals:1 | Reached skill level 15 in Spellcasting
 22076 | Shoals:1 | Reached skill level 15 in Conjurations
 22076 | Shoals:1 | Reached skill level 15 in Hexes
 22076 | Shoals:1 | Reached skill level 15 in Summonings
 22076 | Shoals:1 | Reached skill level 15 in Necromancy
 22076 | Shoals:1 | Reached skill level 15 in Translocations
 22076 | Shoals:1 | Reached skill level 15 in Fire Magic
 22076 | Shoals:1 | Reached skill level 15 in Ice Magic
 22076 | Shoals:1 | Reached skill level 15 in Air Magic
 22076 | Shoals:1 | Reached skill level 15 in Earth Magic
 22076 | Shoals:1 | Reached skill level 15 in Alchemy
 22302 | D:4      | Killed Duvessa
 22310 | D:4      | Bought a phantom mirror for 560 gold pieces
 22519 | Shoals:1 | Found Buxoreb's Antique Armour Boutique.
 22527 | Shoals:1 | Bought a pair of distressingly furry gloves for 285 gold
                  | pieces
 22527 | Shoals:1 | Identified the +1 pair of gloves of Circular Logic {Int+6}
                  | (You bought it in a shop on level 1 of the Shoals)
 22997 | Shoals:2 | Reached skill level 1 in Evocations
 23106 | Shoals:2 | Identified the +1 hand cannon "Peevil" {freeze, rElec rPois
                  | Will- Str+9}
 23972 | Shoals:2 | Reached XP level 16. HP: 116/129 MP: 0/0
 24373 | Shoals:3 | Reached skill level 5 in Evocations
 24394 | Shoals:3 | Found Rociduad's Distillery.
 24419 | Shoals:3 | Found a large runed translucent door.
 24419 | Shoals:3 | Found a large runed translucent door.
 25929 | Shoals:3 | Identified the +5 falchion of Woe {freeze, rElec rF- rN++
                  | Str+2}
 25985 | Shoals:3 | Noticed a kraken
 26016 | Shoals:3 | Killed a kraken
 26309 | Shoals:3 | Noticed Meic's ghost (adept MiFi)
 26326 | Shoals:4 | Entered Level 4 of the Shoals
 26369 | Shoals:4 | Found a glowing golden altar of the Shining One.
 26430 | Shoals:4 | Killed from afar by a manticore

Illustrated notes

Levels and vault maps discovered:
D:1:      elethiomel_arrival_maze, layout_basic, kennysheep_minor_cross,
          nicolae_shop_vocational
D:2:      layout_loops_ring, amcnicky_mini_corridor_feature,
          minmay_fractal_squares_5, uniq_terence, uniq_crazy_yiuf_cottage
D:3:      layout_rooms, mainiacjoe_overflow_six_doors_small,
          grunt_decor_one_mirror
D:4:      layout_rooms, tgw_kikubaaqudgha, serial_shops, shop,
          nicolae_shop_tiny_glass, nicolae_shop_statue_plus,
          nicolae_shop_hallway_stairs, uniq_duvessa, uniq_pikel, uniq_natasha
D:5:      layout_rooms, kennysheep_little_box, minmay_statues_item,
          serial_park_tiny_pond, minmay_misc_feat_square, uniq_sigmund
D:6:      layout_loops_cross, overflow_temple_1_default,
          nicolae_ossuary_entry_plus, serial_shops, shop, uniq_edmund,
          uniq_menkaure
D:7:      layout_basic, minmay_temple_entry_hall, enter_bailey_8,
          serial_park_tiny_1, minmay_splitting_lines,
          chequers_serial_rivers_micro_c, minmay_joined_circles, uniq_joseph
D:8:      layout_basic, mainiacjoe_overflow_brackets, chequers_mini_garden,
          nrook_mini_backslash, nicolae_shop_unique_rings, kennysheep_path_1,
          corexii_hall_statues_l, hangedman_decor_slide_cut, uniq_jeremiah
D:9:      layout_long_grid
D:10:     layout_rooms, lair_entry_dummy, uniq_psyche
D:11:     layout_cave_pools, erik_orc_2, serial_column_ruins,
          column_ruins_open_small, column_ruins_grid_1,
          column_ruins_corridor_straight, column_ruins_columns_straight,
          column_ruins_corridor_T, dreamdust_mushroom_princess, zin_treasury
D:12:     layout_rooms, kiku_gazebo_garden_becter
Temple:   minmay_crystal_spiral_temple
Lair:1:   layout_gridlike, hibernation_bobbens, grunt_megastairs_2
Lair:2:   layout_cave_pods, minmay_shoals_entry_centaurs,
          spider_nest_entry_webs, serial_bayou, serial_bayou_lake_a,
          serial_bayou_pond_a, serial_bayou_lagoon_a, serial_bayou_pond_a,
          lemuel_fruit_fields
Lair:3:   layout_gridlike, nicolae_lair_grove_arrangements, uniq_snorg,
          uniq_rupert
Lair:4:   layout_regular_city, minmay_slime_entry_pillars, pond,
          infiniplex_staircase_pool
Lair:5:   evilmike_catoblepas_cave, layout_misc_corridors, minivault_23,
          serial_bayou_shore_b
Shoals:1: layout_shoals, serial_shops, nicolae_shop_advertising_works
          [nicolae_subvault_shop_adworks], nicolae_shop_gadgets, uniq_kirke
Shoals:2: layout_shoals, argonaut_gorgonesque
Shoals:3: layout_shoals, serial_shops, shop, ebering_ghost_disaster_area
Shoals:4: shoals_end_hellmonk_holy_island
Spider:1: layout_cave_pods, hangedman_spider_tarantella_strand

Skill      XL: |  1  2  3  4  5  6  7  8  9 10 11 12 13 14 15 16 |
---------------+-------------------------------------------------+-----
Spellcasting   | 4 5 6 7 8 9 10 13 15 | 15.9
Conjurations   | 4 5 6 7 8 9 10 13 15 | 15.9
Hexes          | 4 5 6 7 8 9 10 13 15 | 15.9
Summonings     | 4 5 6 7 8 9 10 13 15 | 15.9
Necromancy     | 4 5 6 7 8 9 10 13 15 | 15.9
Translocations | 4 5 6 7 8 9 10 13 15 | 15.9
Fire Magic     | 4 5 6 7 8 9 10 13 15 | 15.9
Ice Magic      | 4 5 6 7 8 9 10 13 15 | 15.9
Air Magic      | 4 5 6 7 8 9 10 13 15 | 15.9
Earth Magic    | 4 5 6 7 8 9 10 13 15 | 15.9
Alchemy        | 4 5 6 7 8 9 10 13 15 | 15.9
Fighting       | 4 6 9 11 13 14 16 | 16.3
Dodging        | 5 7 9 |  9.2
Invocations    | 1 5 |  5.5
Evocations     | 3 7 |  7.5
Stealth        | |  1.5

Action                     |  1- 3 |  4- 6 |  7- 9 | 10-12 | 13-15 | 16-18 || total
---------------------------+-------+-------+-------+-------+-------+-------++-------
  Melee: Unarmed           |     1 |     2 |       |       |       |       ||     3
         Falchion          |       |       |       |       |       |     4 ||     4
   Fire: Sling             |       |       |    16 |    28 |    40 |    22 ||   106
  Throw: Dart              |       |       |       |       |     8 |       ||     8
   Cast: Foxfire           |    29 |    38 |   144 |   439 |   245 |    88 ||   983
         Scorch            |    14 |    42 |    62 |   180 |    57 |    14 ||   369
         Volatile Blastmot |       |    13 |    12 |    22 |       |       ||    47
         Teleport Other    |       |       |     2 |       |     1 |     3 ||     6
         Flame Wave        |       |       |     1 |    15 |    68 |     8 ||    92
         Blink             |       |       |     1 |       |     3 |       ||     4
         Animate Armour    |       |       |       |    21 |     8 |       ||    29
         Stone Arrow       |       |       |       |     3 |       |       ||     3
         Lee's Rapid Decon |       |       |       |       |   113 |     5 ||   118
         Starburst         |       |       |       |       |    60 |    42 ||   102
  Evoke: Phantom mirror    |       |       |       |       |       |     1 ||     1
         Condenser vane    |       |       |       |       |       |     1 ||     1
    Use: Scroll            |       |     6 |     2 |     8 |    15 |     2 ||    33
         Potion            |       |       |       |       |     1 |     3 ||     4
 Armour: Robe              |       |     5 |    49 |    40 |       |       ||    94
         Steam dragon scal |       |       |       |    84 |   149 |    87 ||   320
  Dodge: Dodged            |     3 |    15 |    34 |   119 |   209 |    98 ||   478

Table legend: (Time is in decaauts)
 A = Elapsed time spent in this place.
 B = Non-inter-level travel time spent in this place.
 C = Inter-level travel time spent in this place.
 D = Time resting spent in this place.
 E = Time spent auto-exploring this place.
 F = Levels seen in this place.
 G = Mean time per level.
                   A        B        C        D        E       F      G
               +--------+--------+--------+--------+--------+-----+--------+
         Total |  26520 |  24371 |   2149 |   3052 |  17287 |  25 | 1060.8 |
       Dungeon |  11625 |  10330 |   1295 |   1033 |   7472 |  12 |  968.8 |
        Temple |    811 |    603 |    208 |    584 |      0 |   1 |  811.0 |
          Lair |   7737 |   7338 |    399 |    665 |   5685 |   5 | 1547.4 |
        Shoals |   4818 |   4572 |    246 |    733 |   3123 |   4 | 1204.5 |
   Spider Nest |    203 |    203 |      0 |      0 |    144 |   1 |  203.0 |
       Ossuary |    467 |    467 |      0 |     37 |    310 |   1 |  467.0 |
        Bailey |    857 |    857 |      0 |      0 |    553 |   1 |  857.0 |
               +--------+--------+--------+--------+--------+-----+--------+

Top non-repeatable levels by time:
  Lair:1: 2105 daAuts
Shoals:2: 1965 daAuts
  Lair:2: 1803 daAuts
    D:11: 1562 daAuts
  Lair:5: 1432 daAuts
Shoals:3: 1418 daAuts
  Lair:4: 1389 daAuts
Shoals:1: 1352 daAuts
     D:8: 1308 daAuts
     D:7: 1190 daAuts
     D:1: 1076 daAuts
  Lair:3: 1007 daAuts
     D:2: 986 daAuts
     D:9: 977 daAuts
     D:6: 943 daAuts
